 Dungeon Crawl Stone Soup version 0.26.0-15-gc6cd9f700b (webtiles) character file.

Game seed: 11663922607086218791

1537 trckry the Insei (level 8, -3/59 HPs)
             Began as a Purple Draconian Transmuter on Jan 16, 2021.
             Slain by an orc warrior
             ... wielding a +0 halberd
              (14 damage)
             ... on level 7 of the Dungeon.
             The game lasted 00:15:55 (9289 turns).

trckry the Insei (Purple Draconian Transmuter)      Turns: 9289, Time: 00:15:55

Health: -3/59      AC:  6    Str: 12    XL:     8   Next: 56%
Magic:  11/11      EV: 12    Int: 16    God:
Gold:   176        SH:  4    Dex: 12    Spells: 10/11 levels left

rFire    . . .     SeeInvis .     - Unarmed
rCold    . . .     Faith    .   g - +0 buckler
rNeg     . . .     Spirit   .   (armour unavailable)
rPois    .         Reflect  .   (helmet currently unavailable)
rElec    .         Harm     .   (no cloak)
rCorr    .         Rampage  .   (no gloves)
Will     +....                  (boots currently unavailable)
Stlth    +.........             (no amulet)
HPRegen  0.19/turn              (no ring)
MPRegen  0.12/turn              (no ring)

@: appendages
A: breathe power, unfitting armour, horns 2, talons 2, cold-blooded, AC +6
a: Breathe Dispelling Energy, End Transformation


You were on level 7 of the Dungeon.
You had grown temporary horns.
You had grown temporary talons.
You visited 2 branches of the dungeon, and saw 8 of its levels.
You also visited: Sewer.

You collected 346 gold pieces.
You spent 170 gold pieces at shops.

Inventory:

Missiles
 d - 11 poisoned darts (quivered)
Armour
 g - a +0 buckler (worn)
 k - a +0 pair of boots (melded)
Jewellery
 n - a +4 ring of protection {unknown}
 y - an uncursed ring of fire {unknown}
Wands
 o - a wand of flame (42)
 z - a wand of acid (10)
 A - a wand of disintegration (10)
 B - a wand of random effects (10)
Scrolls
 a - 3 scrolls of remove curse {unknown}
 b - 15 scrolls of identify {unknown}
 h - a scroll of random uselessness {unknown}
 j - 2 scrolls of magic mapping {unknown}
 l - 3 scrolls of enchant weapon {unknown}
 q - 2 scrolls of enchant armour {unknown}
 s - a scroll of amnesia {unknown}
 u - 3 scrolls of teleportation {unknown}
Potions
 c - 3 potions of brilliance {unknown}
 e - 3 potions of haste {unknown}
 f - 11 potions of curing
 i - a potion of attraction {unknown}
 m - 5 potions of heal wounds
 p - a potion of ambrosia {unknown}
 r - a potion of might {unknown}
 t - 4 potions of flight {unknown}
 v - a potion of berserk rage {unknown}
 w - 4 potions of invisibility {unknown}
 x - 2 potions of mutation
 C - a potion of resistance {unknown}


   Skills:
 - Level 1.1 Fighting
 - Level 1.7 Dodging
 + Level 3.7 Shields
 * Level 7.2 Unarmed Combat
 - Level 2.4 Spellcasting
 * Level 6.7 Transmutations
 + Level 3.9 Evocations


You had 10 spell levels left.
You knew the following spells:

 Your Spells              Type           Power        Failure   Level
a - Beastly Appendage     Tmut           46%          1%          1

Your spell library contained the following spells:

 Spells                   Type           Power        Failure   Level
 Wereblood                Tmut           23%          1%          2
 Spider Form              Tmut/Pois      6%           16%         3
 Blade Hands              Tmut           11%          34%         5
 Ice Form                 Ice/Tmut       12%          45%         4


Dungeon Overview and Level Annotations

Branches:
Dungeon (7/15)             Temple (1/1) D:5           Sewer (visited)

Altars:
Ashenzari
Dithmenos
Elyvilon
Fedhas
Gozag
Hepliaklqana
Kikubaaqudgha
Makhleb
Nemelex Xobeh
Okawaru
Qazlal
Ru
Sif Muna
Trog
Uskayaw
Vehumet
Wu Jian
Xom
Yredelemnul
Zin
The Shining One

Shops:
D:4 !   D:6 [


Innate Abilities, Weirdness & Mutations

You can breathe bolts of dispelling energy.
Your rich purple scales are hard. (AC +6)
You cannot fit into any form of body armour.
You are cold-blooded and may be slowed by cold attacks.
You have a pair of horns on your head.
You have razor-sharp toenails.


Message History

You grow a pair of large bovine horns.
Your feet morph into talons.
Your +0 pair of boots melds into your body.
The orc wizard gestures wildly while chanting.
The orc wizard blinks!
You closely miss the orc warrior. Your kick misses the orc warrior.
The orc warrior is heavily wounded.
The orc warrior hits you with a +0 halberd!
You closely miss the orc warrior. Your kick misses the orc warrior.
You headbutt the orc warrior, but do no damage.
The orc warrior is heavily wounded.
The orc warrior hits you with a +0 halberd!
* * * LOW HITPOINT WARNING * * *
The orc warrior barely misses you.
Things that are here:
a +0 dagger; a +0 robe; an orc corpse The orc wizard mumbles some strange words.
The orc wizard seems to speed up.
There is an escape hatch in the ceiling here.
The orc warrior hits you from afar with a +0 halberd!
You die...

#.. #.. #..
#))#############
#..o..)........#
#.######.o.....#
# ####.o.....#
#..........#
.###.##...@...#
....>.........#
###.#........#
#.#.########
#.#.# #.#.#
#.#.# #.#.#
#.#.#


You could see an orc warrior and an orc wizard (fast).

Vanquished Creatures
  An ice beast (D:6)
  A sky beast (D:5)
  3 ogres
  A centaur (D:5)
  A big kobold (Sewer)
  Blork the orc (D:6)
  2 bullfrogs (D:6)
  A scorpion (D:4)
  A hound (D:4)
  An orc priest (D:7)
  Natasha (thrice) (D:2)
  Terence (D:3)
  3 worker ants
  2 iguanas
  2 orc wizards
  A hound skeleton (D:5)
  Robin (D:3)
  8 adders
  8 gnolls
  2 white imps (D:6)
  3 ufetubi
  3 oozes
  4 worms
  2 dart slugs
  4 leopard geckos
  15 orcs
  7 giant cockroaches
  17 goblins
  9 hobgoblins
  9 jackals
  19 kobolds
  2 quokkas
  5 ball pythons
  10 bats
  2 frilled lizards
  A leopard gecko skeleton (D:6)
  8 rats
164 creatures vanquished.

Vanquished Creatures (others)
  11 plants
11 creatures vanquished.

Grand Total: 175 creatures vanquished

Notes
Turn   | Place    | Note
-------+----------+-------------------------------------------
     0 | D:1      | trckry the Draconian Transmuter began the quest for the
                  | Orb.
     0 | D:1      | Reached XP level 1. HP: 16/16 MP: 3/3
    94 | D:1      | Reached XP level 2. HP: 19/23 MP: 5/5
   677 | D:1      | Reached XP level 3. HP: 28/28 MP: 6/6
   984 | D:2      | Noticed Natasha
   989 | D:2      | Killed Natasha
  1005 | D:2      | Reached skill level 4 in Unarmed Combat
  1030 | D:2      | Noticed Natasha
  1040 | D:2      | Killed Natasha
  1041 | D:2      | Reached XP level 4. HP: 13/35 MP: 5/7
  1875 | D:2      | Noticed Natasha
  1882 | D:2      | Killed Natasha
  2503 | D:2      | Reached XP level 5. HP: 40/40 MP: 8/8
  2508 | D:2      | Reached skill level 1 in Shields
  3051 | D:3      | Found a glowing drain.
  3069 | Sewer    | Entered a sewer
  3351 | Sewer    | Reached skill level 5 in Unarmed Combat
  3351 | Sewer    | Reached XP level 6. HP: 13/47 MP: 7/9
  3925 | D:3      | Reached skill level 1 in Evocations
  4308 | D:3      | Noticed Terence
  4319 | D:3      | Killed Terence
  4356 | D:3      | Noticed Robin
  4385 | D:3      | Killed Robin
  5668 | D:4      | Reached skill level 5 in Transmutations
  5668 | D:4      | Your scales start taking on a rich purple colour.
  5668 | D:4      | Reached XP level 7. HP: 52/52 MP: 8/10
  5894 | D:4      | Found an ornate altar of the Wu Jian Council.
  5894 | D:4      | Found a shadowy altar of Dithmenos.
  5895 | D:4      | Found a broken altar of Ashenzari.
  5896 | D:4      | Found an ancient bone altar of Kikubaaqudgha.
  5909 | D:4      | Found Ceblygua's Distillery.
  5912 | D:4      | Bought a potion of mutation for 80 gold pieces
  5912 | D:4      | Bought a potion of degeneration for 10 gold pieces
  5912 | D:4      | Bought a potion of heal wounds for 50 gold pieces
  5912 | D:4      | Bought a potion of curing for 30 gold pieces
  5941 | D:4      | Reached skill level 6 in Unarmed Combat
  6497 | D:5      | Entered Level 5 of the Dungeon
  7034 | D:5      | Found a staircase to the Ecumenical Temple.
  7081 | D:5      | Found a shimmering blue altar of Sif Muna.
  7190 | D:5      | Reached XP level 8. HP: 38/59 MP: 11/11
  8036 | Temple   | Entered the Ecumenical Temple
  8504 | D:6      | Found Qemuli's Antique Armour Emporium.
  8660 | D:6      | Noticed Blork the orc
  8678 | D:6      | Killed Blork the orc
  8679 | D:6      | Reached skill level 7 in Unarmed Combat
  9289 | D:7      | Slain by an orc warrior

Illustrated notes

Levels and vault maps discovered:
D:1:      dpeg_arrival_boxorama, layout_basic
D:2:      layout_basic, uniq_natasha
D:3:      layout_loops_ring, gup_sewer_entry_pipe, minmay_hedge_maze,
          minivault_4, chequers_big_river, uniq_robin, uniq_terence
D:4:      layout_loops_ring, grunt_temple_overflow_open, serial_shops,
          kennysheep_mini
D:5:      layout_layer_cave, overflow_temple_1_default,
          minmay_temple_entry_sparse_star, hangedman_decor_lopped
D:6:      layout_loops_ring, serial_shops, nicolae_shop_overgrown_old_shop,
          uniq_blork_the_orc
D:7:      old_forge, layout_loops_ring, slow_altar_1, uniq_duvessa
Temple:   eino_temple_scatter_basement

Skill      XL: |  1  2  3  4  5  6  7  8 |
---------------+-------------------------+-----
Transmutations | 3 4 5 6 |  6.7
Unarmed Combat | 4 5 6 7 |  7.2
Shields        | 1 2 3 |  3.7
Evocations     | 2 3 |  3.9
Fighting       | |  1.1
Dodging        | |  1.7
Spellcasting   | |  2.4

Action                   |  1- 3 |  4- 6 |  7- 9 || total
-------------------------+-------+-------+-------++-------
Melee: Unarmed           |    84 |   319 |   183 ||   586
       Tailslap          |     9 |    33 |    22 ||    64
       Headbutt          |     2 |    30 |    19 ||    51
       Kick              |     1 |    40 |    32 ||    73
Throw: Dart              |     1 |    22 |     4 ||    27
       Throwing net      |       |     1 |       ||     1
 Cast: Beastly Appendage |     2 |    29 |    22 ||    53
 Abil: Breathe Dispellin |       |       |    10 ||    10
 Stab: Sleeping          |       |     2 |       ||     2
       Held in net/web   |       |     1 |       ||     1
Armor: Skin              |    41 |    68 |    48 ||   157
Dodge: Dodged            |    69 |   139 |   100 ||   308
Block: Buckler           |       |    40 |    28 ||    68
